 Dungeon Crawl Stone Soup version 0.29-a0-847-g24c0ca63c9 (webtiles) character file.

Game seed: 10672410744897368789

66 Malachi the Cudgeller (level 3, -7/31 HPs)
             Began as a Palentonga Fighter on July 16, 2022.
             Mangled by Crazy Yiuf
             ... wielding a +4 quarterstaff of chaos
              (9 damage)
             ... on level 2 of the Dungeon.
             The game lasted 00:01:28 (1472 turns).

Malachi the Cudgeller (Palentonga Fighter)          Turns: 1472, Time: 00:01:29

Health: -7/31      AC:  7    Str: 21    XL:     3   Next: 96%
Magic:  3/3        EV:  5    Int:  8    God:
Gold:   121        SH:  4    Dex:  9    Spells: 2/2 levels left

rFire   . . .      SeeInvis +   a - +0 flail
rCold   . . .      Faith    .   c - +0 buckler
rNeg    . . .      Spirit   .   g - +0 chain mail
rPois   .          Reflect  .   (no helmet)
rElec   .          Harm     .   (no cloak)
rCorr   .          Rampage  .   (no gloves)
Will    .....                   (no barding)
Stlth   ..........              (no amulet)
HPRegen 0.10/turn               e - ring of flight
MPRegen 0.08/turn               (no ring)

@: mighty, flying
A: large, rugged brown scales 3, see invisible, deformed body, roll 1, armoured
tail
a: Rolling Charge


You were on level 2 of the Dungeon.
You visited 1 branch of the dungeon, and saw 2 of its levels.

You collected 121 gold pieces.

Inventory:

Hand Weapons
 a - a +0 flail (weapon)
Armour
 c - a +0 buckler (worn)
 g - a +0 chain mail (worn)
Jewellery
 e - a ring of flight (left hand)
Scrolls
 b - 2 scrolls of teleportation {unknown}
 f - 3 scrolls of identify {unknown}
Potions
 h - 2 potions of attraction {unknown}


   Skills:
 - Level 3.0 Fighting
 + Level 4.3 Maces & Flails
 - Level 2.4 Armour
 - Level 2.6 Shields


You had 2 spell levels left.
You didn't know any spells.
Your spell library was empty.

Dungeon Overview and Level Annotations

Branches:
Dungeon (2/15)

Altars:

Annotations:
D:2 Crazy Yiuf


Innate Abilities, Weirdness & Mutations

You are completely covered in rugged brown scales. (AC +3, +7% HP)
You have supernaturally acute eyesight. (SInv)
Armour fits poorly on your strangely shaped body.
You can roll at nearby foes to attack.
You have a long armoured tail.


Message History

No target in view!
No target in view!
No target in view!
You see here a +0 dagger.
You see here a +0 dagger.
Crazy Yiuf shouts!
Crazy Yiuf glowers.
Crazy Yiuf cries, "Goldfish!
Liver fast return to song."
Could not explore, unopened runed door.
Could not explore, unopened runed door.
Could not explore, unopened runed door.
Could not explore, unopened runed door.
You reach down and open the door.
Crazy Yiuf drinks a potion.
Crazy Yiuf flickers and vanishes for a moment.
Crazy Yiuf hits you with a +4 quarterstaff of chaos.
Crazy Yiuf freezes you.
There is an open translucent door here.
You sock Crazy Yiuf!
Crazy Yiuf is heavily wounded.
Crazy Yiuf hits you with a +4 quarterstaff of chaos!
You are too injured to fight recklessly!
You are too injured to fight recklessly!
You are too injured to fight recklessly!
You block Crazy Yiuf's attack.
You hit Crazy Yiuf but do no damage.
Your tail-slap misses Crazy Yiuf.
Crazy Yiuf is heavily wounded.
You block Crazy Yiuf's attack.
Crazy Yiuf hits you with a +4 quarterstaff of chaos!
* * * LOW HITPOINT WARNING * * *
Crazy Yiuf burns you.
* * * LOW HITPOINT WARNING * * *
You feel very mighty all of a sudden.
Crazy Yiuf hits you with a +4 quarterstaff of chaos.
* * * LOW HITPOINT WARNING * * *
Crazy Yiuf burns you.
* * * LOW HITPOINT WARNING * * *
You hit Crazy Yiuf.
Crazy Yiuf is severely wounded.
Crazy Yiuf hits you with a +4 quarterstaff of chaos!
You die...

##### #)..#
### #...#
#.. #@g.#
#.# ##'##
##.# ♣.♣♣
##... ♣♣.♣
#######....
♣.♣♣
#..........
♣♣.♣
#######....
♣♣.♣♣
########...
♣♣...♣
#.........#
♣....♣
#........(.


You could see Crazy Yiuf (invisible).

Vanquished Creatures
  3 adders (D:2)
  A worm (D:2)
  4 bats
  A bat skeleton (D:2)
  4 endoplasms
  A giant cockroach (D:2)
  7 hobgoblins
  2 ball pythons
  A frilled lizard (D:2)
  7 goblins
  2 kobolds
33 creatures vanquished.

Vanquished Creatures (others)
  2 withered plants (D:2)
2 creatures vanquished.

Grand Total: 35 creatures vanquished

Notes
Turn   | Place    | Note
-------+----------+-------------------------------------------
     0 | D:1      | Malachi the Palentonga Fighter began the quest for the Orb.
     0 | D:1      | Reached XP level 1. HP: 19/19 MP: 1/1
   163 | D:1      | Reached XP level 2. HP: 23/25 MP: 2/2
   572 | D:1      | Reached skill level 3 in Maces & Flails
   833 | D:2      | Reached XP level 3. HP: 31/31 MP: 3/3
   983 | D:2      | Reached skill level 4 in Maces & Flails
  1062 | D:2      | Found a runed translucent door.
  1063 | D:2      | Noticed Crazy Yiuf
  1472 | D:2      | Mangled by Crazy Yiuf

Illustrated notes

Levels and vault maps discovered:
D:1:      kilobyte_arrival_exit_the_forest, layout_rooms
D:2:      layout_loops_ring, serial_undead, serial_undead_b, serial_undead_f,
          serial_undead_f, serial_undead_e, uniq_crazy_yiuf_cottage

Skill      XL: |  1  2  3 |
---------------+----------+-----
Maces & Flails | 3 4 |  4.3
Fighting       | |  3.0
Armour         | |  2.4
Shields        | |  2.6

Action                   || total
-------------------------++-------
Melee: Flail             ||    78
       Tailslap          ||     6
 Abil: Rolling Charge    ||    18
  Use: Potion            ||     1
Armor: Scale mail        ||    15
       Chain mail        ||    20
Dodge: Dodged            ||    17
Block: Buckler           ||    16

Table legend: (Time is in decaauts)
 A = Elapsed time spent in this place.
 B = Non-inter-level travel time spent in this place.
 C = Inter-level travel time spent in this place.
 D = Time resting spent in this place.
 E = Time spent auto-exploring this place.
 F = Levels seen in this place.
 G = Mean time per level.
                   A        B        C        D        E       F      G
               +--------+--------+--------+--------+--------+-----+--------+
         Total |   1493 |   1471 |     22 |      0 |   1261 |   2 |  746.5 |
       Dungeon |   1493 |   1471 |     22 |      0 |   1261 |   2 |  746.5 |
               +--------+--------+--------+--------+--------+-----+--------+

Top non-repeatable levels by time:
     D:2: 781 daAuts
     D:1: 712 daAuts
